TOP OF THE 1ST |
Las Vegas Stars batting - Pitching for Santa Monica Bruins : LHP Yasuyuki Ishii
|
Pitching: LHP Yasuyuki Ishii
|
|
Batting: LHB Evan Slootweg
|
0-0: Ball 1-0: Ball 2-0: Ball 3-0: Base on Balls
|
Batting: RHB Ron Shelton
|
0-0: SINGLE (Groundball, 4M) Evan Slootweg to second
|
Batting: LHB Paco Rivera
|
0-0: Grounds out, U3 (Groundball, 3L) Evan Slootweg to third
|
Batting: LHB Ricardo Vargas
|
0-0: Fly out, F3 (Popup, 3DF)
|
Batting: RHB Brian George
|
0-0: Called Strike 0-1: Ball 1-1: Ball 2-1: Ground out 2-3 (Groundball, 25)
|
Top of the 1st over - 0 run(s), 1 hit(s), 0 error(s), 2 left on base; Las Vegas 0 - Santa Monica 0 |
BOTTOM OF THE 1ST |
Santa Monica Bruins batting - Pitching for Las Vegas Stars : RHP Tim Harmon
|
Pitching: RHP Tim Harmon
|
|
Batting: RHB Alonso Sánchez
|
0-0: Called Strike 0-1: Ball 1-1: Ball 2-1: Ground out 4-3 (Groundball, 34S)
|
Batting: RHB Lorenzo Martínez
|
0-0: Swinging Strike 0-1: Ball 1-1: Ball 2-1: Foul Ball, location: 2F 2-2: Ground out 5-3 (Groundball, 5S)
|
Batting: LHB Patrick Osborne
|
0-0: Swinging Strike 0-1: Ball 1-1: Ground out 6-3 (Groundball, 6M)
|
Bottom of the 1st over - 0 run(s), 0 hit(s), 0 error(s), 0 left on base; Las Vegas 0 - Santa Monica 0 |
TOP OF THE 2ND |
Las Vegas Stars batting - Pitching for Santa Monica Bruins : LHP Yasuyuki Ishii
|
Batting: LHB Eliot Helen
|
0-0: Ground out 6-3 (Groundball, 6M)
|
Batting: RHB Tom Jacobson
|
0-0: Ball 1-0: Reached on error, E4 (Groundball, 4)
|
Batting: RHB Tae-kwon Kwon
|
0-0: Ball 1-0: Swinging Strike 1-1: Foul Ball, location: 2F 1-2: Grounds into double play, 6-4-3 (Groundball, 6)
|
Top of the 2nd over - 0 run(s), 0 hit(s), 1 error(s), 0 left on base; Las Vegas 0 - Santa Monica 0 |
BOTTOM OF THE 2ND |
Santa Monica Bruins batting - Pitching for Las Vegas Stars : RHP Tim Harmon
|
Batting: LHB Germán Charfauros
|
0-0: Called Strike 0-1: Foul Ball, location: 2F 0-2: Foul Ball, location: 2F 0-2: Ball 1-2: Ball 2-2: Foul Ball, location: 2F 2-2: SOLO HOME RUN (Line Drive, 89XD), Distance : 406 ft
|
Batting: RHB Danny Crouch
|
0-0: Ball 1-0: Fly out, F9 (Line Drive, 9S)
|
Batting: LHB Matsusuke Yamasaki
|
0-0: Ball 1-0: Called Strike 1-1: Called Strike 1-2: Ball 2-2: Ball 3-2: Ground out U3 (Groundball, 3L)
|
Batting: RHB Javier Deleón
|
0-0: Ball 1-0: Ball 2-0: Ball 3-0: Called Strike 3-1: Base on Balls
|
Batting: RHB Motoshige Yagi
|
0-0: Ball 1-0: SINGLE (Line Drive, 56D) Javier Deleón to second
|
Batting: LHB Juan Sánchez
|
0-0: Ball 1-0: Ball 2-0: Ground out 4-3 (Groundball, 4)
|
Bottom of the 2nd over - 1 run(s), 2 hit(s), 0 error(s), 2 left on base; Las Vegas 0 - Santa Monica 1 |
TOP OF THE 3RD |
Las Vegas Stars batting - Pitching for Santa Monica Bruins : LHP Yasuyuki Ishii
|
Batting: RHB Cole Bradley
|
0-0: Called Strike 0-1: Swinging Strike 0-2: Strikes out swinging
|
Batting: LHB Evan Slootweg
|
0-0: Fly out, F7 (Flyball, 78D)
|
Batting: RHB Ron Shelton
|
0-0: Ball 1-0: Ball 2-0: SINGLE (Line Drive, 8RS)
|
Batting: LHB Paco Rivera
|
0-0: Called Strike Ron Shelton steals 2nd base 0-1: Ball 1-1: Ground out 6-3 (Groundball, 6M)
|
Top of the 3rd over - 0 run(s), 1 hit(s), 0 error(s), 1 left on base; Las Vegas 0 - Santa Monica 1 |
BOTTOM OF THE 3RD |
Santa Monica Bruins batting - Pitching for Las Vegas Stars : RHP Tim Harmon
|
Batting: RHB Alonso Sánchez
|
0-0: Swinging Strike 0-1: Foul Ball, location: 2F 0-2: Ball 1-2: Strikes out swinging
|
Batting: RHB Lorenzo Martínez
|
0-0: Ball 1-0: Ball 2-0: Ball 3-0: Called Strike 3-1: Foul Ball, location: 2F 3-2: Foul Ball, location: 2F 3-2: SINGLE (Line Drive, 6MD)
|
Batting: LHB Patrick Osborne
|
0-0: Ball 1-0: Grounds into double play, 4-6-3 (Groundball, 4)
|
Bottom of the 3rd over - 0 run(s), 1 hit(s), 0 error(s), 0 left on base; Las Vegas 0 - Santa Monica 1 |
TOP OF THE 4TH |
Las Vegas Stars batting - Pitching for Santa Monica Bruins : LHP Yasuyuki Ishii
|
Batting: LHB Ricardo Vargas
|
0-0: Called Strike 0-1: Foul Ball, location: 2F 0-2: Strikes out swinging
|
Batting: RHB Brian George
|
0-0: Swinging Strike 0-1: Called Strike 0-2: Ball 1-2: Ball 2-2: Strikes out looking
|
Batting: LHB Eliot Helen
|
0-0: Called Strike 0-1: Ball 1-1: Called Strike 1-2: Fly out, F3 (Line Drive, 3)
|
Top of the 4th over - 0 run(s), 0 hit(s), 0 error(s), 0 left on base; Las Vegas 0 - Santa Monica 1 |
BOTTOM OF THE 4TH |
Santa Monica Bruins batting - Pitching for Las Vegas Stars : RHP Tim Harmon
|
Batting: LHB Germán Charfauros
|
0-0: Ball 1-0: Ball 2-0: Ball 3-0: Base on Balls
|
Batting: RHB Danny Crouch
|
0-0: Ball Germán Charfauros steals 2nd base 1-0: Ball 2-0: SINGLE (Groundball, 56D) Germán Charfauros to third
|
Batting: LHB Matsusuke Yamasaki
|
0-0: Ball 1-0: Fielders Choice at 2nd, 6-4 (Groundball, 6M) Germán Charfauros scores
|
Batting: RHB Javier Deleón
|
0-0: Ball 1-0: Swinging Strike 1-1: Foul Ball, location: 2F 1-2: Foul Ball, location: 2F 1-2: Foul Ball, location: 2F 1-2: Fly out, F9 (Flyball, 9M)
|
Batting: RHB Motoshige Yagi
|
0-0: Foul Ball, location: 2F 0-1: Swinging Strike 0-2: Ball 1-2: Strikes out swinging
|
Bottom of the 4th over - 1 run(s), 1 hit(s), 0 error(s), 1 left on base; Las Vegas 0 - Santa Monica 2 |
TOP OF THE 5TH |
Las Vegas Stars batting - Pitching for Santa Monica Bruins : LHP Yasuyuki Ishii
|
Batting: RHB Tom Jacobson
|
0-0: Called Strike 0-1: Ball 1-1: Fly out, F9 (Flyball, 9LM)
|
Batting: RHB Tae-kwon Kwon
|
0-0: Ball 1-0: Ball 2-0: Foul Ball, location: 2F 2-1: DOUBLE (Flyball, 78M)
|
Batting: RHB Cole Bradley
|
0-0: Called Strike 0-1: Ground out 6-3 (Groundball, 4MS) Tae-kwon Kwon to third
|
Batting: LHB Evan Slootweg
|
0-0: Called Strike 0-1: Foul Ball, location: 2F 0-2: Ball 1-2: Foul Ball, location: 2F 1-2: Strikes out swinging
|
Top of the 5th over - 0 run(s), 1 hit(s), 0 error(s), 1 left on base; Las Vegas 0 - Santa Monica 2 |
BOTTOM OF THE 5TH |
Santa Monica Bruins batting - Pitching for Las Vegas Stars : RHP Tim Harmon
|
Batting: LHB Juan Sánchez
|
0-0: Called Strike 0-1: SINGLE (Groundball, 4MD)
|
Batting: RHB Alonso Sánchez
|
0-0: Swinging Strike 0-1: Reached on error, E1 (Groundball, 23) Juan Sánchez to second
|
Batting: RHB Lorenzo Martínez
|
0-0: Ball 1-0: Ball 2-0: Ball 3-0: Called Strike 3-1: Swinging Strike 3-2: Base on Balls Juan Sánchez to third Alonso Sánchez to second
|
Batting: LHB Patrick Osborne
|
0-0: Ball 1-0: Ball 2-0: Called Strike 2-1: Foul Ball, location: 2F 2-2: Ball 3-2: Fly out, F7 (Popup, 5DF)
|
Pitching: RHP Jorge Ibarra
|
|
Batting: LHB Germán Charfauros
|
0-0: Called Strike 0-1: Ball 1-1: Swinging Strike 1-2: Strikes out swinging
|
Batting: RHB Danny Crouch
|
0-0: Fielders Choice at 2nd, 6-4 (Groundball, 56)
|
Bottom of the 5th over - 0 run(s), 1 hit(s), 1 error(s), 2 left on base; Las Vegas 0 - Santa Monica 2 |
TOP OF THE 6TH |
Las Vegas Stars batting - Pitching for Santa Monica Bruins : LHP Yasuyuki Ishii
|
Batting: RHB Ron Shelton
|
0-0: Foul Ball, location: 2F 0-1: Foul Ball, location: 2F 0-2: Ball 1-2: Ground out 1-3 (Groundball, 13)
|
Batting: LHB Paco Rivera
|
0-0: Reaches on Catchers interference
|
Batting: LHB Ricardo Vargas
|
0-0: Ball 1-0: Swinging Strike 1-1: Foul Ball, location: 2F 1-2: Foul Ball, location: 2F 1-2: Strikes out swinging
|
Batting: RHB Brian George
|
0-0: Ball 1-0: Called Strike 1-1: Called Strike 1-2: Ball 2-2: Strikes out looking
|
Top of the 6th over - 0 run(s), 0 hit(s), 1 error(s), 1 left on base; Las Vegas 0 - Santa Monica 2 |
BOTTOM OF THE 6TH |
Santa Monica Bruins batting - Pitching for Las Vegas Stars : RHP Jorge Ibarra
|
Batting: LHB Matsusuke Yamasaki
|
0-0: Ball 1-0: Ball 2-0: Ball 3-0: Called Strike 3-1: Called Strike 3-2: Base on Balls
|
Batting: RHB Javier Deleón
|
0-0: Called Strike 0-1: Ball 1-1: Ball 2-1: Foul Ball, location: 2F 2-2: Fly out, F8 (Flyball, 8LM)
|
Batting: RHB Motoshige Yagi
|
0-0: Ball Matsusuke Yamasaki steals 2nd base 1-0: Ball 2-0: Reached on error, E5 (Groundball, 5) Matsusuke Yamasaki scores
|
Batting: LHB Juan Sánchez
|
0-0: Intentional Walk
|
Batting: RHB Alonso Sánchez
|
0-0: Swinging Strike 0-1: Called Strike 0-2: Ball 1-2: SINGLE (Line Drive, 4) Motoshige Yagi to third Juan Sánchez to second
|
Batting: RHB Lorenzo Martínez
|
0-0: Fly out, F3 (Popup, 3F)
|
Batting: LHB Patrick Osborne
|
0-0: Ground out 1-3 (Groundball, 23)
|
Bottom of the 6th over - 1 run(s), 1 hit(s), 1 error(s), 3 left on base; Las Vegas 0 - Santa Monica 3 |
TOP OF THE 7TH |
Las Vegas Stars batting - Pitching for Santa Monica Bruins : LHP Yasuyuki Ishii
|
Batting: LHB Eliot Helen
|
0-0: Ball 1-0: Foul Ball, location: 2F 1-1: Ground out 1-3 (Groundball, 13S)
|
Batting: RHB Tom Jacobson
|
0-0: Ball 1-0: Called Strike 1-1: SINGLE (Groundball, 56D)
|
Batting: RHB Tae-kwon Kwon
|
0-0: Called Strike 0-1: Ball 1-1: Ball 2-1: Ball 3-1: Base on Balls Tom Jacobson to second
|
Batting: RHB Cole Bradley
|
0-0: Called Strike 0-1: Ball 1-1: SINGLE (Groundball, 4M) Tom Jacobson to third Tae-kwon Kwon to second Runner from 3rd tries for Home, SAFE, throw made home Tae-kwon Kwon to third Cole Bradley to second
|
Pinch Hitting: SHB Santiago Farías
|
0-0: Ground out 1-3 (Groundball, 13)
|
Batting: RHB Ron Shelton
|
0-0: Ball 1-0: Ground out 5-3 (Groundball, 5)
|
Top of the 7th over - 1 run(s), 2 hit(s), 0 error(s), 2 left on base; Las Vegas 1 - Santa Monica 3 |
BOTTOM OF THE 7TH |
Santa Monica Bruins batting - Pitching for Las Vegas Stars : RHP Jorge Ibarra
|
Now in LF: Santiago Farías
|
|
Batting: LHB Germán Charfauros
|
0-0: Ball 1-0: Foul Ball, location: 2F 1-1: Ground out 4-3 (Groundball, 34)
|
Pitching: RHP Oliver Donahue
|
|
Batting: RHB Danny Crouch
|
0-0: Called Strike 0-1: Called Strike 0-2: Foul Ball, location: 2F 0-2: Ball 1-2: DOUBLE (Line Drive, 7LD)
|
Batting: LHB Matsusuke Yamasaki
|
0-0: Intentional Walk
|
Batting: RHB Javier Deleón
|
0-0: Grounds into double play, 6-4-3 (Groundball, 6)
|
Bottom of the 7th over - 0 run(s), 1 hit(s), 0 error(s), 1 left on base; Las Vegas 1 - Santa Monica 3 |
TOP OF THE 8TH |
Las Vegas Stars batting - Pitching for Santa Monica Bruins : LHP Yasuyuki Ishii
|
Batting: LHB Paco Rivera
|
0-0: Foul Ball, location: 2F 0-1: Ball 1-1: Swinging Strike 1-2: Ground out 4-3 (Groundball, 34)
|
Batting: LHB Ricardo Vargas
|
0-0: Ball 1-0: Foul Ball, location: 2F 1-1: Ground out U3 (Groundball, 3S)
|
Batting: RHB Brian George
|
0-0: Ball 1-0: Ball 2-0: Called Strike 2-1: Called Strike 2-2: Fly out, F6 (Popup, 6D)
|
Top of the 8th over - 0 run(s), 0 hit(s), 0 error(s), 0 left on base; Las Vegas 1 - Santa Monica 3 |
BOTTOM OF THE 8TH |
Santa Monica Bruins batting - Pitching for Las Vegas Stars : RHP Oliver Donahue
|
Batting: RHB Motoshige Yagi
|
0-0: Called Strike 0-1: Swinging Strike 0-2: Strikes out swinging
|
Batting: LHB Juan Sánchez
|
0-0: Ball 1-0: Called Strike 1-1: Hit by Pitch
|
Batting: RHB Alonso Sánchez
|
0-0: Called Strike 0-1: Grounds into double play, 6-4-3 (Groundball, 6)
|
Bottom of the 8th over - 0 run(s), 0 hit(s), 0 error(s), 0 left on base; Las Vegas 1 - Santa Monica 3 |
TOP OF THE 9TH |
Las Vegas Stars batting - Pitching for Santa Monica Bruins : LHP Yasuyuki Ishii
|
Pitching: RHP Ron Henningar
|
|
Now at 1B: Bill Savage
|
|
Now at 2B: Kuniaki Kawashima
|
|
Batting: LHB Eliot Helen
|
0-0: Foul Ball, location: 2F 0-1: Ball 1-1: Ball 2-1: Foul Ball, location: 2F 2-2: SINGLE (Groundball, 6MD) (infield hit)
|
Pinch Hitting: LHB Juan Cabañas
|
0-0: Ball 1-0: Swinging Strike 1-1: Fly out, F7 (Flyball, 7D)
|
Batting: RHB Tae-kwon Kwon
|
0-0: Swinging Strike 0-1: Swinging Strike 0-2: Ball 1-2: Fly out, F8 (Flyball, 8RS)
|
Batting: RHB Cole Bradley
|
0-0: Foul Ball, location: 2F 0-1: Ball 1-1: Foul Ball, location: 2F 1-2: Foul Ball, location: 2F 1-2: Strikes out swinging
|
Top of the 9th over - 0 run(s), 1 hit(s), 0 error(s), 1 left on base; Las Vegas 1 - Santa Monica 3 |
|